AoeStats
← Minerva

MegaRandom

506560592Analyzed
3v3 RM · 20d ago on Sep 14, 2026· 50m 56s· 6 players
Game mode
Random Map
Map size
Normal (6 player)
Population
200
Speed
Normal
Resources
Standard
Victory
Conquest
Starting age
Dark Age
Ending age
Imperial Age
RankedLock teamsTeams togetherTeam positionsShared explorationLock speedFull tech treeHidden civsTurbo modeCheats
Victory
Defeat
🇵🇰 Spanish · Pakistan
630
+11
🇨🇦 Vietnamese · Canada
622
+11
🇨🇳 Franks · China
360
+22
🇨🇱 Chinese · Chile
582
-18
🇦🇷 Celts · Argentina
490
-14
🇺🇸 Lithuanians · United States
453
-12
nahuelbode
16:06 Feudal Age
18:14 Wheelbarrow
17:28 Loom
17:29 Town Watch
17:46 Gold Mining
17:50 Stone Mining
19:16 Horse Collar
23:49 Castle Age
22:20 Double-Bit Axe
24:59 Hand Cart
24:45 Town Patrol
25:22 Bow Saw
25:20 Heavy Plow
27:53 Stone Shaft Mining
31:43 Stronghold
35:42 Imperial Age
33:52 Forging
33:42 Scale Mail Armor
33:39 Fletching
33:51 Padded Archer Armor
34:02 Forging
33:53 Scale Mail Armor
38:16 Caravan
38:33 Elite Woad Raider
39:29 Furor Celtica
41:51 Heavy Scorpion
45:49 Chemistry
44:42 Heated Shot
45:04 Fortified Wall
46:04 Elite Woad Raider
saphi
0:40 Loom
16:42 Feudal Age
17:04 Horse Collar
17:14 Double-Bit Axe
17:23 Stone Mining
22:18 Gold Mining
25:58 Castle Age
26:40 Caravan
27:01 Heavy Plow
28:30 Bow Saw
35:28 Imperial Age
35:57 Bloodlines
35:48 Husbandry
38:07 Conscription
38:40 Crop Rotation
39:30 Two-Man Saw
39:00 Elite Leitis
40:53 Forging
40:49 Scale Barding Armor
44:59 Cavalier
joaquin.alex98
3:01 Loom
10:50 Feudal Age
11:23 Double-Bit Axe
20:21 Castle Age
18:25 Padded Archer Armor
18:41 Horse Collar
20:24 Fletching
20:29 Gold Mining
25:16 Bodkin Arrow
25:37 Leather Archer Armor
28:35 Wheelbarrow
30:16 Pikeman
31:21 Hand Cart
35:53 Scale Mail Armor
36:03 Forging
39:49 Squires
42:00 Iron Casting
41:40 Chain Mail Armor
43:09 Bow Saw
43:01 Heavy Plow
46:10 Imperial Age
48:17 Guard Tower
47:52 Halberdier
Minerva
12:50 Feudal Age
13:17 Horse Collar
13:27 Double-Bit Axe
17:11 Gold Mining
17:12 Stone Mining
20:33 Castle Age
22:17 Heavy Plow
22:29 Bow Saw
25:25 Fletching
34:49 Imperial Age
32:10 Elite Skirmisher
33:53 Bodkin Arrow
36:51 Ballistics
38:20 Imperial Skirmisher
39:09 Thumb Ring
39:15 Thumb Ring
40:15 Paper Money
41:28 Wheelbarrow
40:40 Town Watch
41:40 Town Patrol
42:20 Thumb Ring
46:57 Elite Battle Elephant
52:06 Chemistry
Alkaid
0:37 Loom
11:28 Feudal Age
16:09 Castle Age
15:04 Double-Bit Axe
19:20 Bow Saw
22:58 Gold Mining
25:24 Gold Shaft Mining
24:42 Stone Mining
26:16 Wheelbarrow
25:26 Town Watch
27:40 Hand Cart
27:26 Town Patrol
29:04 Husbandry
32:39 Imperial Age
30:24 Forging
30:19 Scale Barding Armor
30:07 Fletching
31:27 Caravan
32:18 Iron Casting
33:05 Masonry
33:36 Chain Barding Armor
33:51 Conscription
34:36 Chemistry
33:01 Cavalier
36:50 Blast Furnace
36:25 Plate Barding Armor
35:47 Bodkin Arrow
37:08 Hoardings
37:10 Fortified Wall
37:08 Siege Engineers
37:34 Paladin
41:02 Scale Mail Armor
41:03 Padded Archer Armor
44:08 Architecture
43:59 Ballistics
43:35 Murder Holes
46:13 Chivalry
46:36 Herbal Medicine
48:14 Light Cavalry
Mughal Zohaib
15:30 Feudal Age
26:45 Castle Age
41:38 Imperial Age
44:02 Chemistry
42:50 Cavalier
43:30 Husbandry
43:46 Forging
45:17 Paladin
47:50 Fletching
48:07 Padded Archer Armor
Connection lost

Rejoining the realm…

Still unreachable

The connection could not be restored.

Session expired

The server has moved on; the page needs a fresh start.